 Dungeon Crawl Stone Soup version 0.31-a0-1555-g5715333c33 (webtiles) character file.

Game seed: 16977164428391495546

1932871 NoAnimeNoLife the Shapeless Troll (level 24, 253/253 HPs)
             Began as a Troll Cinder Acolyte on Jan 3, 2024.
             Was an Initiate of Ignis.
             Escaped with the Orb
             ... and 3 runes!
             The game lasted 02:23:15 (49863 turns).

NoAnimeNoLife the Shapeless Troll (TrCA)           Turns: 49863, Time: 02:23:16

Health: 253/253    AC: 19    Str: 32    XL:     24   Next: 86%
Magic:  34/34      EV: 40    Int: 11    God:    Ignis [......]
Gold:   2747       SH:  0    Dex:  8    Spells: 40/40 levels left

rFire   + +          .
                       - Unarmed
rCold   x . .        (shield currently unavailable)
rNeg    . . .        n - melded +0 steam dragon scales
rPois   ∞            (helmet currently unavailable)
rElec   +            e - melded +0 cloak
rCorr   .            (gloves unavailable)
SInv    +            (boots unavailable)
Will    ++++.        z - amulet of guardian spirit
Stlth   +            H - +4 ring of protection
HPRegen 1.42/turn    U - ring of Racwosoj {Fire *Corrode Will+++ Int-3 SInv}
MPRegen 0.24/turn

%: corrode self (3%), guardian spirit
@: storm-form, flying
A: cleaving, insubstantial, flying, large, unfitting armour, (claws 3),
regeneration 1, (shaggy fur 1), (tough skin 1), clever 1
0: Orb of Zot
}: 3/15 runes: decaying, silver, gossamer
a: Blinkbolt, Begin Untransformation, Renounce Religion


You escaped.
You worshipped Ignis.
Ignis was noncommittal.
You were a lightning-filled tempest!
You visited 8 branches of the dungeon, and saw 44 of its levels.
You visited the Abyss 1 time.
You also visited: Trove and Volcano.

You collected 7746 gold pieces.
You spent 4999 gold pieces at shops.

Inventory:

Armour
 e - a +0 cloak (melded)
 n - +0 steam dragon scales (melded)
Jewellery
 f - a ring of resist corrosion
 m - the ring of Finality {rF++ Int+6}
   (You took it off a yaktaur captain on level 5 of the Vaults)

   [ring of intelligence]

   Int+6:     It affects your intelligence (+6).
   rF++:      It greatly protects you from fire.
 w - the amulet "Fateow" {Reflect rPois Regen+ SH+5}
   (You found it in a treasure trove)

   [amulet of reflection]

   Reflect:   It reflects blocked missile attacks.
   rPois:     It protects you from poison Regen+: It increases your rate of
   health regeneration.
   SH+5:      It affects your SH (+5).
 y - a ring of willpower
 z - an amulet of guardian spirit (around neck)
 F - a ring of protection from fire
 H - a +4 ring of protection (left fist)
 T - the ring "Qici" {Fly rF+ rCorr Slay+4}
   (You bought it in a shop on level 1 of the Depths)

   [ring of protection from fire]

   Slay+4:    It affects your accuracy & damage with ranged weapons and melee
   (+4).
   rF+:       It protects you from fire.
   Fly:       It grants you flight.
   rCorr:     It protects you from acid and corrosion.
 U - the ring of Racwosoj (right fist) {Fire *Corrode Will+++ Int-3 SInv}
   (You bought it in a shop on level 1 of the Depths)

   [ring of fire]

   Fire:      It enhances your fire magic.
   Int-3:     It affects your intelligence (-3).
   rF+:       It protects you from fire.
   rC-:       It makes you vulnerable to cold.
   Will+++:   It greatly increases your willpower.
   SInv:      It lets you see invisible.
   *Corrode:  It may corrode you when you take damage.
Talismans
 K - a storm talisman (active)
Wands
 a - a wand of iceblast (16) {@v2}
 l - a wand of light (6)
 p - a wand of mindburst (15)
 B - a wand of digging (21) {@v3}
 E - a wand of flame (26)
 I - a wand of charming (39)
 S - a wand of polymorph (25)
Scrolls
 b - 5 scrolls of enchant armour
 g - 4 scrolls of immolation
 k - 4 scrolls of poison
 o - 3 scrolls of torment
 r - 6 scrolls of amnesia
 t - 5 scrolls of fog
 u - 19 scrolls of teleportation {@r2}
 C - 16 scrolls of identify {@r1}
 O - a scroll of revelation {@r4}
 P - 2 scrolls of silence
 Y - 7 scrolls of enchant weapon
Potions
 c - 2 potions of ambrosia
 d - a potion of cancellation
 h - 4 potions of attraction
 j - 7 potions of brilliance
 q - 4 potions of invisibility
 s - 6 potions of enlightenment
 v - 3 potions of magic
 A - 6 potions of berserk rage
 D - 25 potions of curing {@q1}
 G - 2 potions of heal wounds {@q2}
 J - 7 potions of lignification
 L - 2 potions of mutation
 M - 2 potions of resistance {@q5}
 Q - 4 potions of might {@q3}
Miscellaneous
 x - a phial of floods
 R - a condenser vane
 V - a box of beasts
 W - a phantom mirror
 X - a lightning rod (4/4)


   Skills:
 - Level 17.1 Fighting
 - Level 14.3 Dodging
 - Level 21.8 Unarmed Combat
 + Level 8.9 Spellcasting
 - Level 2.1 Fire Magic
 - Level 8.5 Evocations
 O Level 27 Shapeshifting


You had 40 spell levels left.
You didn't know any spells.
Your spell library contained the following spells:

 Spells                   Type           Power      Damage    Failure   Level
 Scorch                   Fire           28%        2d6       9%          2
 Apportation              Tloc           8%         N/A       14%         1
 Necrotise                Necr           16%        1d4       14%         1
 Sandblast                Erth           8%         2d5       14%         1
 Shock                    Conj/Air       16%        1d4       14%         1
 Slow                     Hex            16%        N/A       14%         1
 Sting                    Conj/Alch      16%        1d4       14%         1
 Summon Small Mammal      Summ           16%        N/A       14%         1
 Call Imp                 Summ           8%         N/A       22%         2
 Cigotuvi's Dreadful Rot  Necr/Alch/Air  8%         N/A       22%         2
 Jinxbite                 Hex            8%         N/A       22%         2
 Lesser Beckoning         Tloc           8%         N/A       22%         2
 Mercury Vapours          Alch/Air       8%         N/A       22%         2
 Static Discharge         Conj/Air       8%         3-4/arc   22%         2
 Call Canine Familiar     Summ           4%         N/A       41%         3
 Confusing Touch          Hex            4%         N/A       41%         3
 Dazzling Flash           Conj/Hex       8%         N/A       41%         3
 Gell's Gravitas          Tloc           4%         N/A       41%         3
 Hailstorm                Conj/Ice       4%         3d5       41%         3
 Mephitic Cloud           Conj/Alch/Air  4%         N/A       41%         3
 Passwall                 Erth           4%         N/A       41%         3
 Sigil of Binding         Hex            4%         N/A       41%         3
 Stone Arrow              Conj/Erth      8%         3d7       41%         3
 Summon Ice Beast         Ice/Summ       4%         N/A       41%         3
 Swiftness                Air            4%         N/A       41%         3
 Teleport Other           Tloc           4%         N/A       41%         3
 Tukima's Dance           Hex            4%         N/A       41%         3
 Vampiric Draining        Necr           4%         2d6       41%         3
 Flame Wave               Conj/Fire      11%        2d6       65%         4
 Ignite Poison            Fire/Alch      11%        N/A       65%         4
 Summon Blazeheart Golem  Fire/Summ      11%        N/A       65%         4
 Airstrike                Air            2%         2d(1-17)  82%         4
 Animate Armour           Summ/Erth      8%         N/A       82%         4
 Animate Dead             Necr           4%         N/A       82%         4
 Brom's Barrelling Bould  Conj/Erth      4%         2d3       82%         4
 Cause Fear               Hex            2%         N/A       82%         4
 Dimensional Bullseye     Hex/Tloc       2%         N/A       82%         4
 Fulminant Prism          Conj/Alch      2%         3d5       82%         4
 Manifold Assault         Tloc           4%         N/A       82%         4
 Olgreb's Toxic Radiance  Alch           4%         N/A       82%         4
 Passage of Golubria      Tloc           4%         N/A       82%         4
 Petrify                  Alch/Erth      4%         N/A       82%         4
 Summon Lightning Spire   Summ/Air       4%         N/A       82%         4
 Vhi's Electric Charge    Tloc/Air       8%         N/A       82%         4
 Fireball                 Conj/Fire      5%         3d5       94%         5
 Arcjolt                  Conj/Air       2%         1d12      99%         5
 Borgnjor's Vile Clutch   Necr/Erth      2%         N/A       99%         5
 Curse of Agony           Necr           4%         N/A       99%         5
 Freezing Cloud           Conj/Ice/Air   2%         6-21      99%         5
 Iskenderun's Battlesphe  Conj           4%         2d6       99%         5
 Silence                  Hex/Air        2%         N/A       99%         5
 Yara's Violent Unravell  Hex/Alch       2%         3d3       99%         5
 Conjure Ball Lightning   Conj/Air       2%         3x3d6     100%        6
 Death Channel            Necr           2%         N/A       100%        6
 Dispersal                Tloc           2%         N/A       100%        6
 Plasma Beam              Fire/Air       5%         2x1d16    100%        6
 Sculpt Simulacrum        Ice/Alch       2%         N/A       100%        6
 Summon Cactus Giant      Summ           2%         N/A       100%        6
 Enfeeble                 Hex            2%         N/A       100%        7
 Haunt                    Necr/Summ      2%         N/A       100%        7
 Orb of Destruction       Conj           2%         9d5       100%        7
 Ozocubu's Refrigeration  Ice            2%         4d7       100%        7
 Spellforged Servitor     Conj/Summ      2%         N/A       100%        7
 Summon Hydra             Summ           2%         N/A       100%        7
 Disjunction              Tloc           2%         N/A       100%        8
 Infestation              Necr           2%         N/A       100%        8
 Lehudib's Crystal Spear  Conj/Erth      2%         10d2      100%        8
 Dragon's Call            Summ           2%         N/A       100%        9
 Polar Vortex             Ice            2%         N/A       100%        9
 Sublimation of Blood     Necr           Unusable   N/A       N/A         2

Dungeon Overview and Level Annotations

Branches:
Dungeon (15/15)            Temple (0/1) D:7            Lair (5/5) D:8
  Swamp (4/4) Lair:3       Spider (4/4) Lair:2        Slime (0/5) Lair:4
    Orc (2/2) D:11            Elf (0/3) Orc:2        Vaults (5/5) D:13
  Crypt (0/3) Vaults:2     Depths (4/4) D:15            Zot (5/5) Depths:4
Volcano (visited)

Altars:
Cheibriados
Hepliaklqana
Kikubaaqudgha
Makhleb
Nemelex Xobeh
Okawaru
Sif Muna
Uskayaw
Zin
Lugonu

Shops:
D:11 :   D:12 *[   D:14 *   Orc:1 !**   Orc:2 [[=*?   Vaults:2 *   Vaults:4 *:!
Vaults:5 !?:?!?   Depths:1 =:=:

Portals:
Hell: Depths:1 Depths:2 Depths:3 Depths:4
Abyss: Depths:1 Depths:2 Depths:3
Pandemonium: Orc:2 Depths:2
Ziggurat: Depths:4

Annotations:
D:6 2 runed translucent doors, niknal's ghost, novice TeWr
D:10 3 runed translucent doors
Lair:4 exclusion: 3 oklob plants
Lair:5 exclusion: 4 oklob plants
Vaults:3 2 transporters
Vaults:4 exclusion: ice statue
Depths:2 2 exclusions


Innate Abilities, Weirdness & Mutations

You are a lightning-filled tempest!
Your electrical attacks strike out in all directions at once.
You are incredibly evasive.
Your insubstantial body is immune to petrification, constriction, and being set on fire You are flying.
Your armour is entirely melded.
You are incapable of wielding weapons or throwing items.
You are too large for most types of armour.
You are immune to poison.
((You have claws for hands.))
Your natural rate of healing is unusually fast.
((You are covered in fur. (AC +1)))
((You have tough skin. (AC +1)))
Your mind is acute. (Int +4, Str/Dex -1)


Message History

You buffet the large abomination!
You batter the large abomination!!
You destroy the large abomination!
You are confused.
You feel invigorated.
You feel less invigorated.
You feel less confused.
A large abomination comes into view.
The large abomination completely misses you.
You blast the large abomination!!!!
Lightning courses through the large abomination!
You destroy the large abomination!
No target in view!
No target in view!
What level of the Dungeon? (default 1, ? - help)
There is a stone staircase leading up here.
You fly upwards.
There is a stone staircase leading down here.
An orc comes into view. It is wielding a +0 flail.
There is a stone staircase leading up, spattered with blood here.
Things that are here:
a +0 leather armour; a +0 club You fly upwards.
There is a stone staircase leading down here.
What level of the Dungeon? (default 1, ? - help)
Things that are here:
a +0 robe; a +0 dagger
There is a stone staircase leading up here.
You fly upwards.
There is a stone staircase leading down here. 2 sun demons come into view.
The sun demon moves out of view. x2
Unknown command.
There is a stone staircase leading up here.
You fly upwards.
There is a stone staircase leading down here.
What level of the Dungeon? (default 1, ? - help)
There is a staircase leading out of the dungeon here.
Unknown command.
You have escaped!

#..).....###### #.####...
##.##.⌠.....>.####.# #.##
#.###..♣♣♣........# #.#
#.##.♣♣♣♣♣♣♣.###### #.#
#.#)♣♣♣∩∩∩♣♣..#### #.#
#...♣♣∩...∩......# #.#
#..♣♣♣.....♣♣♣.#.#####.#
#########..♣♣∩.♣.♣.∩♣♣.........#
#..............♣v♣.∩♣♣.##.####.#
#.#######..♣♣∩.♣.♣.∩♣♣.##.# #.#
#.####.....♣♣♣......♣♣..#.# #.##
#.##........♣♣∩...∩♣....#.####...
#.##.#.##...♣♣♣∩∩∩♣♣♣......##....
.÷...#.#####.♣♣♣♣♣♣♣.#.....##...>
#.####.# ##..♣♣♣..##.....##....
#......# ###>.....>##..#####....
...###.# ##.##.#######..# #....


There were no monsters in sight!

Vanquished Creatures
  Frederick (Vaults:3)
  6 dread liches (Zot:5)
  4 orbs of fire
  Mara (Depths:3)
  7 ancient liches
  2 pandemonium lords
  Vv (Zot:1)
  Parghit (Zot:4)
  the Lernaean hydra (Swamp:4)
  4 curse toes
  6 Killer Klowns (Zot:5)
  9 golden dragons
  A profane servitor (D:12)
  An electric golem (Zot:5)
  Jorgrun (Swamp:1)
  A hellephant (D:6)
  An Ice Fiend (D:12)
  14 tentacled monstrosities
  24 Orb Guardians (Zot:5)
  3 liches
  3 titans (Vaults:5)
  7 quicksilver dragons
  An acid blob (Depths:2)
  4 sphinxes
  7 death cobs
  An Executioner (Depths:3)
  9 storm dragons
  Agnes (Spider:1)
  7 shadow dragons
  5 draconian monks
  A tengu reaver (Depths:4)
  2 fire giants
  3 azure jellies (Depths:2)
  4 protean progenitors
  9 draconian knights
  5 rockslimes (Depths:2)
  4 draconian shifters
  3 deep elf sorcerers (Vaults:5)
  5 ghost moths
  An iron dragon (Vaults:5)
  6 emperor scorpions
  7 frost giants
  10 vault wardens
  2 balrugs
  3 orc warlords
  A draconian stormcaller (Depths:4)
  5 draconian scorchers
  13 stone giants
  2 reapers (D:11)
  A broodmother (Spider:1)
  4 formless jellyfish
  6 draconian annihilators
  21 ironbound preservers
  3 quicksilver oozes (Depths:2)
  A demonspawn corrupter (D:11)
  13 very ugly things
  10 green draconians
  9 ironbound thunderhulks
  2 vampire knights
  Nessos (D:15)
  A deep elf death mage (Vaults:5)
  Azrael (D:15)
  6 black draconians
  11 white draconians
  3 eleionomae (Swamp:1)
  A deep elf demonologist (Vaults:5)
  7 yellow draconians
  7 purple draconians
  5 red draconians
  A war gargoyle (Vaults:2)
  10 spark wasps
  18 dire elephants
  6 bunyips
  A green death (D:5)
  2 crystal guardians (D:15)
  4 fire dragons
  A shambling mangrove (Swamp:2)
  7 ettins
  10 entropy weavers
  A deep elf high priest (Vaults:4)
  11 yaktaur captains
  3 ice dragons
  30 vault guards
  3 peacekeepers
  4 rakshasas
  Fannar (D:11)
  15 hydras
  4 great orbs of eyes
  5 catoblepae
  2 ogre magi
  Erica (D:8)
  A sphinx zombie (Vaults:2)
  2 demonspawn (Orc:2)
  A hell beast (D:14)
  3 ironbound frosthearts
  7 centaur warriors
  4 jorogumos
  8 alligators
  4 radroaches
  2 ghost crabs
  6 two-headed ogres
  8 boulder beetles
  Urug (Lair:4)
  9 tengu warriors
  2 vampire magi
  8 deep troll shamans
  10 demonic crawlers
  5 orc high priests (Orc:2)
  2 spriggan berserkers (Depths:1)
  10 occultists
  13 death yaks
  4 deep troll earth magi
  A shock serpent (shapeshifter) (Vaults:5)
  3 soul eaters
  2 hell knights (Depths:3)
  5 sun demons
  9 spriggans
  9 iron trolls
  A sixfirhy (D:15)
  2 salamander mystics
  A skeletal warrior (Vaults:2)
  A fire crab (Lair:5)
  5 goliath frogs
  A skyshark (Lair:4)
  21 swamp dragons
  8 pharaoh ants
  7 orb spiders
  A shadow demon (D:11)
  61 deep trolls
  A flayed ghost (Vaults:1)
  4 spriggan druids
  2 glowing orange brains
  2 sun moths
  A glowing orange brain (shapeshifter) (D:15)
  A lindwurm (shapeshifter) (Vaults:5)
  16 arcanists
  3 deep elf zephyrmancers
  7 phantasmal warriors
  12 lindwurms
  8 bog bodies
  6 steelbarb worms
  11 ironbound convokers
  A shining eye (Depths:2)
  10 orc knights
  6 large abominations
  3 necromancers
  20 wolf spiders
  8 salamanders
  A wolf spider zombie (D:12)
  31 ugly things
  6 deep elf pyromancers
  An oklob plant (Lair:2)
  8 manticores
  7 orc sorcerers (Orc:2)
  4 will-o-the-wisps
  11 elephants
  2 cyclopes (D:13)
  2 rust devils (D:15)
  9 meliai
  26 moths of wrath
  An eye of devastation (shapeshifter) (Vaults:3)
  3 black mambas
  5 centaur zombies (D:12)
  14 vault sentinels
  A titan simulacrum (Depths:2)
  2 orange demons (Orc:2)
  4 gargoyles (D:15)
  6 torpor snails
  9 eyes of devastation (Depths:2)
  3 smoke demons
  Maggie (D:8)
  A molten gargoyle (D:15)
  6 unseen horrors
  14 cane toads
  A rime drake (Lair:5)
  2 kobold demonologists
  2 efreet
  3 freezing wraiths
  31 yaktaurs
  5 tengu conjurers
  3 komodo dragons
  4 trolls
  A polar bear (shapeshifter) (D:13)
  A hellwing (Orc:2)
  2 polar bears
  2 bloated husks
  12 hornets
  35 tarantellas
  2 tyrant leeches
  A wolf spider simulacrum (D:15)
  A glass eye (Depths:4)
  A fire giant simulacrum (Vaults:3)
  A meliai zombie (D:12)
  2 raiju (D:15)
  9 blink frogs
  29 culicivoras
  28 slime creatures
  2 air elementals (D:15)
  29 jumping spiders
  6 wraiths
  A ynoxinul (Depths:2)
  2 wyverns
  5 shadows (D:12)
  3 water elementals
  2 fire elementals (D:15)
  An ettin skeleton (Vaults:2)
  4 vampires
  68 yaks
  4 basilisks
  4 golden eyes (Depths:2)
  14 vampire mosquitoes
  5 chaos spawn
  2 neqoxecs
  4 steam dragons
  10 swamp worms
  35 redbacks
  An acid dragon (shapeshifter) (D:13)
  3 hell hounds
  12 water moccasins
  An ice beast (D:6)
  6 swamp drakes (Swamp:4)
  34 orc warriors
  2 sky beasts (D:7)
  4 black bears
  A crocodile (shapeshifter) (D:14)
  4 human zombies
  5 boggarts
  3 ogres
  22 wolves
  6 centaurs
  An elf simulacrum (Vaults:2)
  A phantom (D:4)
  A bullfrog (shapeshifter) (D:15)
  11 bullfrogs
  2 gnoll sergeants (D:8)
  3 small abominations (Depths:1)
  3 scorpions (D:5)
  3 wights (D:8)
  16 killer bees
  A lava snake (D:11)
  2 jellies
  A bombardier beetle (D:5)
  3 hounds (D:5)
  23 orc priests
  A gnoll bouda (D:8)
  3 sleepcaps
  6 iguanas
  15 orc wizards
  7 hell rats (Lair:4)
  8 adders
  8 gnolls (D:8)
  A shadow imp (D:6)
  3 white imps
  2 ufetubi (D:6)
  4 dart slugs
  2 ribbon worms (D:2)
  74 orcs
  8 endoplasms
  2 giant cockroaches
  3 goblins
  9 hobgoblins
  4 jackals
  8 kobolds
  7 quokkas
  3 ball pythons (D:1)
  7 bats
  3 frilled lizards
  21 rats
  4 aspiring fleshes
1788 creatures vanquished.

Vanquished Creatures (collateral kills)
  A vault guard (Vaults:5)
  A phantasmal warrior (Vaults:5)
  3 orc warriors (Orc:1)
  3 orcs (Orc:1)
8 creatures vanquished.

Vanquished Creatures (others)
  An Orb Guardian (Zot:5)
  A draconian knight (Zot:1)
  A green draconian (Zot:2)
  A will-o-the-wisp (Swamp:3)
  A bloated husk (Swamp:1)
  A water moccasin (Lair:4)
  75 foxfires
81 creatures vanquished.

Grand Total: 1877 creatures vanquished

Notes
Turn   | Place    | Note
-------+----------+-------------------------------------------
     0 | D:1      | NoAnimeNoLife the Troll Cinder Acolyte began the quest for
                  | the Orb.
     0 | D:1      | Reached XP level 1. HP: 22/22 MP: 1/1
    32 | D:1      | Reached XP level 2. HP: 28/29 MP: 2/2
    81 | D:1      | Found a faded altar of an unknown god.
   320 | D:1      | Reached XP level 3. HP: 37/37 MP: 3/3
   746 | D:2      | Found a shimmering blue altar of Sif Muna.
  1147 | D:2      | Reached XP level 4. HP: 45/45 MP: 4/4
  1637 | D:3      | Noticed a black bear
  1641 | D:3      | Killed a black bear
  1642 | D:3      | Reached XP level 5. HP: 50/54 MP: 5/5
  2058 | D:4      | Reached skill level 5 in Unarmed Combat
  2204 | D:4      | Reached XP level 6. HP: 43/62 MP: 6/6
  2254 | D:4      | Identified the ring "Neucw" {rF+ Str+3}
  2685 | D:5      | Entered Level 5 of the Dungeon
  2691 | D:5      | Reached XP level 7. HP: 60/70 MP: 7/7
  2893 | D:5      | Found a glowing silver altar of Zin.
  2997 | D:5      | Reached XP level 8. HP: 56/78 MP: 8/8
  3413 | D:5      | Reached skill level 10 in Unarmed Combat
  3525 | D:6      | Found a runed translucent door.
  3660 | D:6      | Noticed niknal's ghost (novice TeWr)
  3700 | D:6      | Reached skill level 1 in Dodging
  3700 | D:6      | Reached skill level 1 in Shapeshifting
  3875 | D:6      | Found a runed translucent door.
  4140 | D:7      | Reached skill level 2 in Shapeshifting
  4397 | D:7      | Reached skill level 3 in Shapeshifting
  4544 | D:7      | Identified the +2 dagger of the Hammering Fox {drain, Will-
                  | Dex+5}
  4552 | D:7      | Found a staircase to the Ecumenical Temple.
  4616 | D:7      | Reached XP level 9. HP: 81/84 MP: 9/9
  4773 | D:8      | Noticed Maggie
  4783 | D:8      | Killed Maggie
  4784 | D:8      | Reached skill level 4 in Shapeshifting
  4877 | D:8      | Found a hide-covered altar of Uskayaw.
  5386 | D:8      | HP: 2/83 [poisoned by a killer bee]
  5392 | D:8      | Reached skill level 5 in Shapeshifting
  5397 | D:8      | HP: 4/84 [poisoned by a killer bee]
  5402 | D:8      | HP: 2/84 [poisoned by a killer bee]
  5520 | D:8      | Noticed Erica
  5525 | D:8      | Killed Erica
  5526 | D:8      | Reached skill level 5 in Dodging
  5526 | D:8      | Reached skill level 6 in Shapeshifting
  5566 | D:8      | Found a staircase to the Lair.
  5609 | D:8      | Found an ancient bone altar of Kikubaaqudgha.
  5778 | D:9      | Reached XP level 10. HP: 49/92 MP: 7/10
  5788 | D:9      | Reached skill level 7 in Shapeshifting
  5943 | D:9      | Noticed a two-headed ogre
  5957 | D:9      | HP: 3/92 [two-headed ogre/+0 giant spiked club (11)]
  5958 | D:9      | Killed a two-headed ogre
  6117 | D:9      | Reached skill level 8 in Shapeshifting
  6323 | D:9      | Reached skill level 9 in Shapeshifting
  6468 | D:9      | Found a burning altar of Makhleb.
  6511 | D:9      | Found an iron altar of Okawaru.
  6537 | D:9      | Reached skill level 10 in Shapeshifting
  6617 | D:10     | Entered Level 10 of the Dungeon
  6733 | D:10     | Found a hazy altar of Hepliaklqana.
  7416 | D:10     | Reached XP level 11. HP: 101/101 MP: 9/11
  7587 | D:10     | Found a runed translucent gate.
  7611 | D:10     | Reached skill level 11 in Shapeshifting
  7807 | D:10     | Noticed a red ugly thing
  7807 | D:10     | Noticed a swamp dragon
  7807 | D:10     | Noticed a purple ugly thing
  7807 | D:10     | Noticed a glowing orange brain
  7808 | D:10     | Found a runed translucent gate.
  7808 | D:10     | Found a runed translucent gate.
  7808 | D:10     | Noticed a green ugly thing
  7808 | D:10     | Noticed a brown ugly thing
  7808 | D:10     | Noticed a purple ugly thing
  7810 | D:10     | a swamp dragon changed into a water nymph
  7812 | D:10     | a water nymph changed into a jorogumo
  7812 | D:10     | Noticed a jorogumo (glowing shapeshifter)
  7813 | D:10     | a jorogumo changed into a skyshark
  7813 | D:10     | Noticed a skyshark (glowing shapeshifter)
  7814 | D:10     | a skyshark changed into a centaur
  7944 | D:10     | Identified the +1 trident "Docvac" {freeze, rElec rC+++
                  | rCorr Str-5}
  8084 | D:10     | Noticed a shock serpent
  8085 | D:10     | a shock serpent changed into a sea snake
  8085 | D:10     | Noticed a sea snake (glowing shapeshifter)
  8088 | D:10     | a sea snake changed into a water nymph
  8090 | D:10     | a water nymph changed into a death drake
  8090 | D:10     | Noticed a death drake (glowing shapeshifter)
  8092 | D:10     | a death drake changed into a deep troll
  8092 | D:10     | Noticed a deep troll (glowing shapeshifter)
  8098 | D:10     | a deep troll changed into a mana viper
  8098 | D:10     | Noticed a mana viper (glowing shapeshifter)
  8102 | D:10     | a mana viper changed into a water nymph
  8242 | D:11     | Noticed a centaur warrior
  8439 | Lair:1   | Entered Level 1 of the Lair of Beasts
  8671 | Lair:1   | Reached skill level 12 in Shapeshifting
  9099 | Lair:1   | Reached skill level 13 in Shapeshifting
  9377 | Lair:2   | Found a snail-covered altar of Cheibriados.
  9602 | Lair:1   | Reached XP level 12. HP: 109/109 MP: 8/12
  9787 | Lair:2   | Found a hole to the Spider Nest.
  9894 | Lair:2   | Reached skill level 14 in Shapeshifting
  9895 | Lair:2   | Noticed a boulder beetle
  9909 | Lair:2   | Killed a boulder beetle
  9958 | Lair:2   | Noticed a boulder beetle
  9968 | Lair:2   | Killed a boulder beetle
 10229 | Lair:2   | Found the +3 salamander hide armour {Flames, rFlCloud rF++
                  | rC--}
 10361 | Lair:2   | Reached skill level 15 in Shapeshifting
 11083 | Lair:3   | Identified the +8 war axe of Ethereal Subterfuge {flame,
                  | *Rage ^Drain Will++ Str+8}
 11091 | Lair:3   | Noticed a four-headed hydra
 11097 | Lair:3   | Reached skill level 16 in Shapeshifting
 11102 | Lair:3   | Killed a four-headed hydra
 11397 | Lair:3   | Reached XP level 13. HP: 117/117 MP: 9/13
 11557 | Lair:3   | Found a staircase to the Swamp.
 11965 | Lair:4   | Reached skill level 17 in Shapeshifting
 12267 | Lair:4   | Found a dark tunnel.
 12272 | Volcano  | Entered a volcano
 12433 | Volcano  | Noticed a fire dragon
 12458 | Volcano  | Killed a fire dragon
 12525 | Volcano  | Reached skill level 18 in Shapeshifting
 12604 | Lair:4   | Found a staircase to the Slime Pits.
 12690 | Lair:4   | Noticed Urug
 12699 | Lair:4   | Killed Urug
 13600 | Lair:5   | Entered Level 5 of the Lair of Beasts
 13957 | Lair:5   | Reached skill level 5 in Fighting
 14252 | Lair:5   | Reached XP level 14. HP: 118/127 MP: 11/14
 15320 | D:11     | Found Zilelop's Book Shoppe.
 15347 | D:11     | Noticed Fannar
 15358 | D:11     | Killed Fannar
 15537 | D:11     | Found a staircase to the Orcish Mines.
 16033 | D:12     | Found Ycrouts's Antique Armour Shoppe.
 16060 | D:12     | Found Aaovvoj's Alliterative Armaments.
 16502 | D:12     | Found a portal to a secret trove of treasure.
 16583 | Orc:1    | Entered Level 1 of the Orcish Mines
 16583 | Orc:1    | Found Oppuetem's Mass Market.
 16612 | Orc:1    | Found Petrupey's CLEARANCE SALE!.
 16631 | Orc:1    | Bought a wand of charming (3) for 21 gold pieces
 16631 | Orc:1    | Bought a wand of iceblast (4) for 28 gold pieces
 16724 | Orc:1    | Noticed an orc warlord
 16775 | Orc:1    | Killed an orc warlord
 16828 | Orc:1    | Paralysed by something for 5 turns
 17044 | Orc:2    | Entered Level 2 of the Orcish Mines
 17265 | Orc:1    | Found Mota's Distillery.
 17268 | Orc:1    | Bought 2 potions of curing for 66 gold pieces
 17268 | Orc:1    | Bought 2 potions of curing for 66 gold pieces
 17268 | Orc:1    | Bought a potion of ambrosia for 88 gold pieces
 17268 | Orc:1    | Bought a potion of curing for 33 gold pieces
 17268 | Orc:1    | Bought a potion of heal wounds for 55 gold pieces
 17268 | Orc:1    | Bought a potion of curing for 33 gold pieces
 17401 | Orc:1    | Bought 3 potions of brilliance for 132 gold pieces
 17401 | Orc:1    | Bought a potion of enlightenment for 55 gold pieces
 17463 | Orc:2    | Found Boumef's Armour Shop.
 17493 | Orc:2    | Noticed an orc warlord
 17498 | Orc:2    | Killed an orc warlord
 17847 | Orc:2    | Found Myli's Magic Scroll Shop.
 17874 | Orc:2    | Reached XP level 15. HP: 83/143 MP: 8/15
 18031 | Orc:2    | Found Dodas's General Store.
 18426 | Orc:2    | Found a staircase to the Elven Halls.
 18598 | Orc:2    | Gained mutation: You are frail. (-10% HP) [a neqoxec]
 18710 | Orc:2    | Found Joirgh's Antique Armour Shoppe.
 18710 | Orc:2    | Found Utoedy's Jewellery Emporium.
 18711 | Orc:2    | Found a one-way gate leading to the halls of Pandemonium.
 18715 | Orc:2    | Bought a storm talisman for 1200 gold pieces
 19109 | D:13     | You fall into a shaft and drop 2 floors!
 19109 | D:15     | Entered Level 15 of the Dungeon
 19307 | D:14     | Found Zin's Purification Station.
 19308 | D:14     | Found a glowing silver altar of Zin.
 19647 | D:14     | Reached skill level 19 in Shapeshifting
 20369 | D:13     | Found a gate to the Vaults.
 20564 | D:14     | Identified the +0 leather armour of Etiy {Rampage rC- rCorr
                  | Stlth+}
 21054 | Abyss:3  | Cast into level 3 of the Abyss (an occultist)
 21093 | D:14     | Escaped the Abyss
 21177 | D:14     | Identified the +2 hand axe of Lootuego {elec, *Rage rF+++}
 21302 | D:15     | Reached skill level 20 in Shapeshifting
 21423 | D:15     | Paralysed by an air elemental for 1 turns
 21526 | D:15     | HP: 2/159 [yaktaur/bolt (9)]
 21671 | D:15     | Reached XP level 16. HP: 140/140 MP: 13/16
 21728 | D:15     | Found a staircase to the Depths.
 21731 | D:15     | Paralysed by an air elemental for 1 turns
 21735 | D:15     | Paralysed by an air elemental for 1 turns
 21900 | D:15     | Noticed Azrael
 21913 | D:15     | Killed Azrael
 22306 | D:15     | Noticed Nessos
 22318 | D:15     | Killed Nessos
 22406 | D:15     | Reached skill level 21 in Shapeshifting
 22590 | D:15     | Identified the staff of Ragnarok {Dex+3 Air Earth}
 22891 | Swamp:1  | Entered Level 1 of the Swamp
 23026 | Swamp:1  | Noticed Jorgrun
 23037 | Swamp:1  | Killed Jorgrun
 23926 | Swamp:2  | Reached skill level 22 in Shapeshifting
 24683 | Swamp:3  | Reached XP level 17. HP: 124/146 MP: 13/17
 24698 | Swamp:3  | Noticed a tentacled monstrosity
 24710 | Swamp:3  | Killed a tentacled monstrosity
 25098 | Swamp:4  | Entered Level 4 of the Swamp
 25157 | Swamp:4  | Identified the +4 trident of the Middle {speed, rF+ rC+
                  | Str-3 Int+6}
 25297 | Swamp:4  | Noticed the 27-headed Lernaean hydra
 25324 | Swamp:4  | Killed the 27-headed Lernaean hydra
 25325 | Swamp:4  | Reached skill level 23 in Shapeshifting
 25456 | Swamp:4  | Got a decaying rune of Zot
 25592 | Swamp:4  | Identified a scroll of acquirement
 25593 | Swamp:4  | Acquired a manual of Unarmed Combat
 25885 | Spider:1 | Entered Level 1 of the Spider Nest
 26029 | Spider:1 | Reached skill level 15 in Unarmed Combat
 26268 | Spider:1 | Found a frozen archway.
 26273 | Spider:1 | Noticed Agnes
 26282 | Spider:1 | Killed Agnes
 27773 | Spider:2 | Found a hide-covered altar of Uskayaw.
 27918 | Spider:2 | Reached XP level 18. HP: 122/154 MP: 14/18
 29493 | Spider:4 | Entered Level 4 of the Spider Nest
 29501 | Spider:4 | Reached skill level 10 in Dodging
 29935 | Spider:4 | Got the Folio of Windy Virulence
 30441 | Spider:4 | Got a gossamer rune of Zot
 30884 | Vaults:1 | Entered Level 1 of the Vaults
 30973 | Vaults:1 | Reached skill level 1 in Evocations
 31114 | Vaults:1 | Identified the maw talisman of Precision Catastrophes {rF+
                  | Will+ Stlth+}
 31159 | Vaults:1 | Reached skill level 10 in Fighting
 31222 | Vaults:1 | Reached XP level 19. HP: 110/163 MP: 13/19
 32123 | Vaults:2 | Reached skill level 5 in Evocations
 32366 | Vaults:2 | Identified the +3 arbalest of Inconvenience {heavy, rElec
                  | rN++ rCorr Dex-3}
 32847 | Vaults:2 | Found Goupaun's General Store.
 33086 | Orc:2    | Bought a wand of light (7) for 294 gold pieces
 33303 | Vaults:2 | Found a staircase to the Crypt.
 34002 | Vaults:3 | Identified the orb of the Cicada {*channel, rPois}
 34002 | Vaults:3 | Noticed Frederick
 34014 | Vaults:3 | Killed Frederick
 34306 | Vaults:3 | Found a transporter.
 34340 | Vaults:3 | Found a transporter.
 34907 | Vaults:4 | Found Uciov's General Store.
 35039 | Vaults:4 | Found Taig's Book Shoppe.
 35172 | Vaults:4 | Reached XP level 20. HP: 170/180 MP: 18/20
 35680 | Vaults:4 | Found Hoddeg's Distillery.
 35686 | Vaults:4 | Bought a potion of cancellation for 96 gold pieces
 35686 | Vaults:4 | Bought a potion of curing for 36 gold pieces
 35686 | Vaults:4 | Bought a potion of berserk rage for 60 gold pieces
 35686 | Vaults:4 | Lost mutation: You are frail. (-10% HP) [potion of
                  | mutation]
 35686 | Vaults:4 | Gained mutation: Your mind is acute. (Int +4, Str/Dex -1)
                  | [potion of mutation]
 35686 | Vaults:4 | Gained mutation: You are frail. (-10% HP) [potion of
                  | mutation]
 35686 | Vaults:4 | Lost mutation: Your mind is acute. (Int +4, Str/Dex -1)
                  | [potion of mutation]
 35687 | Vaults:4 | Lost mutation: You are frail. (-10% HP) [potion of
                  | mutation]
 35687 | Vaults:4 | Gained mutation: You have a pair of small horns on your
                  | head. [potion of mutation]
 35690 | Vaults:4 | Bought 2 potions of mutation for 192 gold pieces
 35690 | Vaults:4 | Bought a potion of enlightenment for 60 gold pieces
 35965 | Vaults:5 | Entered Level 5 of the Vaults
 35988 | Vaults:5 | Noticed an ancient lich
 35994 | Vaults:5 | Killed an ancient lich
 36014 | Vaults:5 | Identified the amulet "Nanoll" {Rampage ^Fragile rPois
                  | Regen+}
 36190 | Vaults:5 | Noticed a golden dragon
 36198 | Vaults:5 | Killed a golden dragon
 36220 | Vaults:5 | Identified the amulet "Fihusih" {Acrobat *Slow +Inv rElec
                  | rCorr}
 36617 | Vaults:5 | Reached skill level 15 in Fighting
 36620 | Vaults:5 | Noticed an ancient lich
 36627 | Vaults:5 | Killed an ancient lich
 36781 | Vaults:5 | Got a silver rune of Zot
 36870 | Vaults:5 | Identified the ring of Finality {rF++ Int+6}
 36909 | Vaults:5 | Identified the +1 kite shield of Wariness {Will+}
 36955 | Vaults:5 | Identified the ring "Socaimia" {rF+ Stlth+}
 37007 | Vaults:5 | Reached XP level 21. HP: 128/214 MP: 13/21
 37121 | Vaults:5 | Found Lagiuqes's Book Boutique.
 37268 | Vaults:5 | Noticed a golden dragon
 37277 | Vaults:5 | Killed a golden dragon
 37431 | Vaults:5 | Found Tar Yczi's Distillery.
 37431 | Vaults:5 | Found Ryilib's Magic Scroll Boutique.
 37436 | Vaults:5 | Bought a potion of haste for 240 gold pieces
 37436 | Vaults:5 | Bought a potion of might for 96 gold pieces
 37436 | Vaults:5 | Bought a potion of might for 96 gold pieces
 37503 | Vaults:5 | Found Feciybi's Distillery.
 37515 | Vaults:5 | Found Def Ebesm's Magic Scroll Emporium.
 37647 | Vaults:5 | Bought a scroll of blinking for 112 gold pieces
 37649 | Vaults:5 | Bought a scroll of fog for 60 gold pieces
 37682 | Vaults:5 | Found Reun's Magic Scroll Shoppe.
 37804 | Vaults:5 | Identified the +0 robe of the Candlemaker {^Drain rCorr
                  | Int-4 Stlth+}
 38393 | Vaults:5 | Bought a scroll of fog for 68 gold pieces
 38407 | Vaults:5 | Bought a potion of heal wounds for 80 gold pieces
 38407 | Vaults:5 | Bought a potion of invisibility for 128 gold pieces
 38407 | Vaults:5 | Bought a potion of might for 64 gold pieces
 38712 | D:12     | You paid a toll of +3 gold dragon scales to enter a
                  | treasure trove
 38713 | Trove    | Entered a treasure trove
 38718 | Trove    | Found the +5 Storm Queen's Shield {shock, Fly rElec}
 38720 | Trove    | Identified the +2 cloak of the Desolation of Salt {Str+2}
 38726 | Trove    | Identified the amulet "Fateow" {Reflect rPois Regen+ SH+5}
 38896 | Depths:1 | Entered Level 1 of the Depths
 38987 | Depths:1 | Found Dattyudgh's Jewellery Shoppe.
 38996 | Depths:1 | Bought the ring "Qici" {Fly rF+ rCorr Slay+4} for 1017 gold
                  | pieces
 39150 | Depths:1 | Found a sparkling altar of Nemelex Xobeh.
 39476 | Depths:1 | You are sucked into a shaft and drop 1 floor!
 39594 | Depths:1 | Found Kaylurr's Book Boutique.
 39595 | Depths:1 | Found Kyekiulu's Jewellery Shoppe.
 39596 | Depths:1 | Found Etiug's Book Boutique.
 39604 | Depths:1 | Bought the ring of Racwosoj {Fire *Corrode Will+++ Int-3
                  | SInv} for 523 gold pieces
 39778 | Depths:1 | Found a one-way gate to the infinite horrors of the Abyss.
 39851 | Depths:1 | Found a gateway to Hell.
 41073 | Depths:2 | Found a corrupted altar of Lugonu.
 41134 | Depths:2 | Reached XP level 22. HP: 217/235 MP: 19/22
 41976 | Depths:3 | Noticed Mara
 41977 | Depths:3 | Noticed NoAnimeNoLife's illusion
 41988 | Depths:3 | Killed Mara
 42102 | Depths:3 | Found a shimmering blue altar of Sif Muna.
 42582 | Depths:4 | Entered Level 4 of the Depths
 42750 | Depths:4 | Found a gate to the Realm of Zot.
 42750 | Depths:4 | Noticed a golden dragon
 42750 | Depths:4 | Noticed a golden dragon
 42757 | Depths:4 | Killed a golden dragon
 42763 | Depths:4 | Killed a golden dragon
 42927 | Depths:4 | Found a one-way gateway to a ziggurat.
 42944 | Depths:4 | Acquired 1219 gold pieces
 43376 | Depths:4 | Identified the ring of Xotriv {*Corrode AC+4 Str-3 Int+5}
 43779 | Zot:1    | Entered Level 1 of the Realm of Zot
 43938 | Zot:1    | Noticed an orb of fire
 43951 | Zot:1    | Gained mutation: You sometimes lose your temper in combat.
                  | [an orb of fire]
 43959 | Depths:4 | Killed an orb of fire
 44140 | Zot:1    | Noticed Vv
 44311 | Zot:1    | Killed Vv
 44564 | Zot:1    | Noticed a golden dragon
 44571 | Zot:1    | Killed a golden dragon
 44663 | Zot:1    | Noticed a golden dragon
 44681 | Zot:1    | Killed a golden dragon
 44682 | Zot:1    | Reached XP level 23. HP: 243/243 MP: 18/23
 44711 | Zot:1    | Lost mutation: You sometimes lose your temper in combat.
                  | [potion of mutation]
 44711 | Zot:1    | Lost mutation: You have a pair of small horns on your head.
                  | [potion of mutation]
 44711 | Zot:1    | Gained mutation: You are robust. (+10% HP) [potion of
                  | mutation]
 44711 | Zot:1    | Gained mutation: Your mind is acute. (Int +4, Str/Dex -1)
                  | [potion of mutation]
 45148 | Zot:2    | Reached skill level 24 in Shapeshifting
 45304 | Zot:2    | You are sucked into a shaft and drop 2 floors!
 45334 | Zot:4    | Noticed Parghit
 45341 | Zot:4    | Killed Parghit
 45354 | Zot:4    | Noticed a curse toe
 45711 | Zot:3    | Noticed a curse toe
 45716 | Zot:3    | Killed a curse toe
 45894 | Zot:3    | Noticed a curse toe
 45900 | Zot:3    | Killed a curse toe
 46860 | Zot:4    | Killed a curse toe
 47005 | Zot:4    | Got the Lessons on Illusion and Hermetica
 47525 | Zot:4    | Noticed a curse toe
 47528 | Zot:4    | Killed a curse toe
 47529 | Zot:4    | Reached skill level 25 in Shapeshifting
 47762 | Zot:5    | Entered Level 5 of the Realm of Zot
 47763 | Zot:5    | Noticed an ancient lich
 48407 | Zot:5    | Noticed a dread lich
 48407 | Zot:5    | Noticed a dread lich
 48440 | Zot:5    | Noticed a Killer Klown
 48636 | Zot:5    | Killed a Killer Klown
 48758 | Zot:5    | Noticed a dread lich
 48762 | Zot:5    | Noticed a dread lich
 48765 | Zot:5    | Noticed an ancient lich
 48770 | Zot:5    | Killed a dread lich
 48772 | Zot:5    | Noticed a Killer Klown
 48774 | Zot:5    | Killed a dread lich
 48775 | Zot:5    | Reached skill level 26 in Shapeshifting
 48777 | Zot:5    | Killed an ancient lich
 48780 | Zot:5    | Noticed an orb of fire
 48794 | Zot:5    | Reached XP level 24. HP: 224/278 MP: 18/23
 48795 | Zot:5    | Killed an orb of fire
 48800 | Zot:5    | Noticed an orb of fire
 48804 | Zot:5    | Killed an ancient lich
 48805 | Zot:5    | Noticed an ancient lich
 48805 | Zot:5    | Lost mutation: You are robust. (+10% HP) [an orb of fire]
 48812 | Zot:5    | Killed an ancient lich
 48815 | Zot:5    | Killed an orb of fire
 48816 | Zot:5    | Killed a Killer Klown
 48817 | Zot:5    | Killed a dread lich
 48826 | Zot:5    | Noticed an orb of fire
 48833 | Zot:5    | Noticed a Killer Klown
 48844 | Zot:5    | Noticed a Killer Klown
 48848 | Zot:5    | Noticed a dread lich
 48851 | Zot:5    | Noticed a Killer Klown
 48853 | Zot:5    | Reached skill level 27 in Shapeshifting
 48858 | Zot:5    | Killed an orb of fire
 48860 | Zot:5    | Killed a dread lich
 48862 | Zot:5    | Killed a Killer Klown
 48870 | Zot:5    | Noticed an ancient lich
 48870 | Zot:5    | Noticed an ancient lich
 48870 | Zot:5    | Noticed a dread lich
 48870 | Zot:5    | Noticed a Killer Klown
 48875 | Zot:5    | Killed a Killer Klown
 48876 | Zot:5    | Reached skill level 5 in Spellcasting
 48877 | Zot:5    | Killed a dread lich
 48878 | Zot:5    | Killed an ancient lich
 48882 | Zot:5    | Killed a dread lich
 48882 | Zot:5    | Killed a Killer Klown
 48883 | Zot:5    | HP: 5/253 [Killer Klown/+10 club (33)]
 48885 | Zot:5    | Killed a Killer Klown
 48887 | Zot:5    | Killed an ancient lich
 49200 | Zot:5    | Got the Orb of Zot
 49363 | Depths:3 | Noticed Ewyvvucsir the pandemonium lord
 49527 | D:13     | Noticed Dontat the pandemonium lord
 49538 | D:13     | Killed Dontat the pandemonium lord
 49628 | D:11     | Noticed Hiecvaom the pandemonium lord
 49764 | D:5      | Noticed Anista the pandemonium lord
 49771 | D:5      | Killed Anista the pandemonium lord
 49863 | D:$      | Escaped with the Orb!

Illustrated notes

Levels and vault maps discovered:
D:1:      heliophobic_arrival_henge, layout_loops_ring,
          shapermc_ecumenical_altar_starsandcircs
D:2:      layout_basic, basic_altar, nicolae_eternal_life, grunt_ministairs_1,
          minmay_rat_hole
D:3:      layout_loops_cross, minmay_misc_feat_secret_circle
D:4:      minmay_angry_zag, layout_rooms
D:5:      layout_cave_pools, mainiacjoe_overflow_chevrons, serial_column_ruins,
          column_ruins_hut, column_ruins_grid_2, column_ruins_columns_straight,
          column_ruins_corridor_corner, column_ruins_open_small,
          column_ruins_columns_straight, minmay_pentangle
D:6:      nicolae_BIG_FREAKIN_CUBE, layout_basic, ebering_ghost_sewer_f
D:7:      layout_loops_cross, temple_statues
D:8:      layout_loops_ring, mainiacjoe_overflow_swirl, lair_entry_dummy,
          nicolae_grassy_gnolls, uniq_erica, uniq_maggie
D:9:      layout_roguey, nicolae_overflow_hidden_temple,
          mainiacjoe_overflow_alcove_1
D:10:     layout_basic, mainiacjoe_overflow_24_doors,
          ploomutoo_gammafunk_ghost_potion_laboratory, nicolae_water_bricks,
          dk_vineyard_2, hangedman_abyss_or_decor_jellyfish_corner
D:11:     layout_big_octagon, orc_0_dummy, serial_shops,
          nicolae_shop_gibbet_a_chance, uniq_fannar
D:12:     layout_loops_ring, serial_shops, shop, enter_trove_3, serial_undead,
          serial_undead_b, serial_undead_c, serial_undead_e, serial_undead_b,
          monkooky_shop_alliterative
D:13:     layout_grid_maze, david_vaults_4
D:14:     minmay_tri_stars, layout_basic, hangedman_decor_lopped, zin_purify
D:15:     hangedman_crystal_crosses_colossus [crystal_crosses_arms_four,
          crystal_crosses_arms_two, crystal_crosses_arms_two], uniq_nessos,
          uniq_azrael
Lair:1:   layout_regular_city, columned_hall_lemuel
Lair:2:   layout_layer_cave, spider_nest_entry_a, basic_altar,
          minmay_lair_oklob_items, lemuel_fruit_tree
Lair:3:   layout_loops_ring, minmay_swamp_entry_reptiles, nicolae_lair_lil_pond
Lair:4:   nzn_motion_control, layout_cave_pods, minmay_slime_entry_oklob_open,
          enter_volcano_4, uniq_urug
Lair:5:   evilmike_catoblepas_cave, layout_hall_layers, dpeg_oklob_1,
          serial_bayou_shore_a, infiniplex_staircase_pool
Swamp:1:  layout_basic_swamp, evilmike_swamp_ruin_rubble_1, swamp_pool_1_2,
          hangedman_swamp_grove, uniq_jorgrun
Swamp:2:  layout_basic_swamp, evilmike_swamp_ruin_house_4
Swamp:3:  layout_basic_swamp, evilmike_swamp_ruin_house_2, st_swamp_mini
Swamp:4:  swamp_old_school, layout_basic_swamp, swamp_pool_4
Spider:1: layout_chambers, portal_ice_cave_entry_pillars_2,
          nicolae_spider_bug_shape, uniq_agnes
Spider:2: nicolae_spider_hilbert_zone_6 [nicolae_spider_hilbert_4_sides_1_open,
          nicolae_spider_hilbert_4_sides_1_open,
          nicolae_spider_hilbert_4_sides_1_open,
          nicolae_spider_hilbert_4_sides_1_open,
          nicolae_spider_hilbert_4_sides_1_open,
          nicolae_spider_hilbert_4_sides_1_open,
          nicolae_spider_hilbert_4_sides_1_open],
          nicolae_spider_altar_of_dancing
Spider:3: layout_chambers
Spider:4: grunt_spider_rune_parallel
Orc:1:    layout_caves, serial_shops, nicolae_shop_pleasant_corner_grove,
          special_room [special_room_orc], minmay_shop_mass,
          nicolae_shop_clearance
Orc:2:    pf_orc_diabolical, layout_diamond_mine, serial_shops, shop
Vaults:1: nicolae_vaults_tetromino_Z_1, v_misc_17,
          nicolae_vaults_diffraction_hallways, hangedman_vaults_river_flow,
          v_misc_29, vaults_room_pool, nicolae_vaults_little_squares_1,
          nicolae_vaults_tetromino_L_1, vaults_mumra_hex,
          nicolae_vaults_little_squares_1, layout_vaults_omnicross
Vaults:2: nicolae_vaults_little_squares_3, nicolae_vaults_stairing_the_circle,
          nicolae_vaults_tetromino_L_1, v_misc_22,
          nicolae_vaults_little_squares_1, nicolae_vaults_little_squares_4,
          nicolae_vaults_variable_pillar_hall_cross,
          nicolae_vaults_tetromino_T_1, nicolae_vaults_trapezoid_lopsided_1,
          v_alt_pattern_1, minmay_crypt_entry_simple_box,
          nicolae_vaults_tangram_1, layout_vaults_ring, serial_shops,
          nicolae_shop_tiny_glass
Vaults:3: gammafunk_its_a_trap, nicolae_vaults_steering_wheel,
          nicolae_vaults_surprise_closet, vaults_room_pools,
          vaults_room_door_hall, grunt_vaults_diagonal,
          ontoclasm_vaults_ring_square, v_misc_22, layout_vaults_omnigrid,
          uniq_frederick
Vaults:4: hangedman_vaults_cutoff, nicolae_vaults_storage_closets_3,
          cheibrodos_frozen_isle, nicolae_vaults_trapezoid_lopsided_1,
          hangedman_vaults_corner_blocks, hangedman_vaults_slice,
          nicolae_vaults_network_barrier, nicolae_vaults_trapezoid_lopsided_4,
          ontoclasm_vaults_pinch, vaults_dpeg_doors, nicolae_vaults_apartment_2,
          nicolae_vaults_weapon_check, layout_vaults_omnibox, serial_shops,
          shop, nicolae_shop_hallway_plus, nicolae_shop_statue_plus
Vaults:5
Depths:1: layout_forbidden_donut, minmay_misc_feat_chi,
          grunt_hell_entry_dis_old, serial_shops, shop, minmay_room_of_horrors,
          nemelex_altar_shiori, serial_bayou_shore_b, minmay_shop_grove
Depths:2: minmay_eyes, layout_small_grid, abyss_entry_flame_altar,
          rand_demon_pan_entry_5, serial_bayou_lagoon_a,
          hangedman_tar_grid_catacomb, special_room [special_room_jelly],
          minmay_staircase_windowed_small
Depths:3: grunt_bruiser_brothers, layout_basic, hellmouth_1,
          abyss_entry_small_statue_room, old_standard_altar, uniq_mara
Depths:4: grunt_x_marks_the_spot, layout_honeycomb, enter_ziggurat_a,
          minmay_splitting_lines, hell_entry
Zot:1:    layout_misc_corridors, bh_zot_ikea_curve, uniq_vv
Zot:2:    layout_misc_corridors
Zot:3:    layout_basic
Zot:4:    layout_gridlike, regret_index_zotdec_misc_clamp, grunt_megastairs_5,
          uniq_parghit
Zot:5:    layout_cathedral_of_symmetry

Skill      XL: |  1  2  3  4  5  6  7  8  9 10 11 12 13 14 15 16 17 18 19 20 21 22 23 24 |
---------------+-------------------------------------------------------------------------+-----
Fighting       | 3 4 5 8 9 10 12 15 17 | 17.1
Unarmed Combat | 4 5 7 9 10 13 16 19 20 21 | 21.8
Dodging        | 3 5 6 8 11 12 14 | 14.3
Shapeshifting  | 3 6 10 13 16 18 20 22 23 26 27 | 27.0
Evocations     | 2 7 8 |  8.5
Spellcasting   | 8 |  8.9
Fire Magic     | |  2.1

Action                     |  1- 3 |  4- 6 |  7- 9 | 10-12 | 13-15 | 16-18 | 19-21 | 22-24 || total
---------------------------+-------+-------+-------+-------+-------+-------+-------+-------++-------
  Melee: Unarmed           |   101 |   112 |   202 |   494 |  1034 |  1009 |   929 |   776 ||  4657
         Punch             |     2 |     6 |       |     1 |       |    74 |   110 |    90 ||   283
         Constrict         |       |       |       |    62 |   212 |    26 |       |       ||   300
 Invoke: Fiery Armour      |       |     1 |     5 |       |       |       |       |       ||     6
         Foxfire Swarm     |       |     1 |     2 |     1 |       |       |       |       ||     4
         Rising Flame      |       |       |       |       |       |       |       |     1 ||     1
Ability: Blinkbolt         |       |       |       |       |       |     1 |     9 |     9 ||    19
  Evoke: Wand              |       |       |    15 |     5 |    25 |    17 |     8 |     7 ||    77
         Lightning rod     |       |       |       |       |     6 |       |     4 |     4 ||    14
         Phantom mirror    |       |       |       |       |       |       |     1 |     2 ||     3
         Box of beasts     |       |       |       |       |       |       |       |     2 ||     2
         Condenser vane    |       |       |       |       |       |       |       |     2 ||     2
         Phial of floods   |       |       |       |       |       |       |       |     1 ||     1
    Use: Scroll            |       |       |    10 |     3 |    16 |     3 |    10 |    19 ||    61
         Potion            |       |       |     2 |     3 |    10 |     7 |    10 |    30 ||    62
   Stab: Petrified         |       |       |       |       |     4 |       |       |       ||     4
         Invisible         |       |       |       |       |     3 |     2 |     4 |    10 ||    19
         Sleeping          |       |       |       |       |     1 |       |       |       ||     1
         Distracted        |       |       |       |       |       |     1 |       |       ||     1
 Armour: Robe              |    58 |   104 |   124 |       |       |       |       |       ||   286
         Steam dragon scal |       |       |    78 |    33 |       |       |       |       ||   111
         Skin              |       |       |       |   511 |  1120 |   517 |   362 |   378 ||  2888
  Dodge: Dodged            |    42 |    66 |   106 |   267 |   478 |  1252 |   874 |   842 ||  3927
   Form: Serpent           |       |       |       |     1 |       |       |       |       ||     1
         Flux              |       |       |       |     1 |       |       |       |       ||     1
         Storm             |       |       |       |       |       |     1 |       |       ||     1

Table legend: (Time is in decaauts)
 A = Elapsed time spent in this place.
 B = Non-inter-level travel time spent in this place.
 C = Inter-level travel time spent in this place.
 D = Time resting spent in this place.
 E = Time spent auto-exploring this place.
 F = Levels seen in this place.
 G = Mean time per level.
                   A        B        C        D        E       F      G
               +--------+--------+--------+--------+--------+-----+--------+
         Total |  48598 |  44258 |   4340 |   5875 |  28434 |  47 | 1034.0 |
       Dungeon |  14700 |  12537 |   2163 |   1250 |   8668 |  15 |  980.0 |
          Lair |   6606 |   5930 |    676 |    988 |   3655 |   5 | 1321.2 |
         Swamp |   2711 |   2576 |    135 |    130 |   1876 |   4 |  677.8 |
   Spider Nest |   4579 |   4391 |    188 |    266 |   3188 |   4 | 1144.8 |
  Orcish Mines |   2289 |   2159 |    130 |    381 |   1091 |   2 | 1144.5 |
        Vaults |   7152 |   6669 |    483 |   1280 |   3842 |   5 | 1430.4 |
        Depths |   5256 |   4868 |    388 |    632 |   3321 |   4 | 1314.0 |
           Zot |   4931 |   4760 |    171 |    928 |   2700 |   5 |  986.2 |
         Abyss |     36 |     36 |      0 |     17 |      0 |   1 |   36.0 |
         Trove |     55 |     55 |      0 |      0 |      0 |   1 |   55.0 |
       Volcano |    278 |    278 |      0 |      0 |     92 |   1 |  278.0 |
               +--------+--------+--------+--------+--------+-----+--------+

Top non-repeatable levels by time:
Vaults:5: 2388 daAuts
   Orc:2: 1627 daAuts
Depths:4: 1539 daAuts
    D:10: 1493 daAuts
    D:15: 1445 daAuts
    D:14: 1387 daAuts
  Lair:4: 1370 daAuts
Vaults:3: 1349 daAuts
Spider:1: 1343 daAuts
  Lair:1: 1335 daAuts
  Lair:5: 1335 daAuts
  Lair:2: 1300 daAuts
    D:13: 1291 daAuts
Depths:2: 1275 daAuts
  Lair:3: 1264 daAuts
